montu, chaotic male human Wizard # -.--- ---------------- ###....| |....>.........| # |...----- ### #....%..........| % |.......| # #|*.........*...| # |.......| # ##--------.------- ------------ # |.>.%...| ######### # # |)))[)))))@-## --.------ #----- ### # |))))))).).| #### # #|._.| ## # |))))[.)))@| # # #|...| # # ------------ # ## ###.....### ## ### # ## #|.**| ####### --------- -|-|-- ## #----- -.------- |...^...| |.%...#####`# |.......| |.......| |....| # |....<..| #........| |.....### |........##########--------- ------ |.......| --------- montu the Wizard Experience level: 3 Strength: 25 Dexterity: 11 Constitution: 11 Intelligence: 17 Wisdom: 18 Charisma: 10 Health: 0(26) Energy: 48(48) Def: 2 Gold: 0 Moves: 1303 Dungeon seed [set]: Game ID: montu_1703575727 Your Inventory: Amulets k - an uncursed amulet of ESP (being worn) Weapons a - a blessed +1 quarterstaff g - a blessed +2 orcish dagger (weapon in hand) i - an uncursed +0 orcish dagger r - the uncursed +0 Valerian Armor e - an uncursed +0 cloak of magic resistance (being worn) n - an uncursed +0 pair of gauntlets of power (being worn) y - an uncursed +0 pair of high boots Comestibles j - an uncursed banana o - an uncursed pancake p - an uncursed sprig of wolfsbane Scrolls h - an uncursed scroll of enchant weapon l - a cursed scroll of identify Spellbooks b - a blessed spellbook of force bolt c - an uncursed spellbook of healing Wands d - an uncursed wand of nothing (0:4) f - an uncursed wand of slow monster (0:8) m - an uncursed wand of slow monster (0:6) Gems q - an uncursed worthless piece of white glass Spells and supernatural/magical abilities: Name Level Category Fail Memory a - force bolt 1 attack 10% 94% h - healing 1 healing 10% 94% W - pray for help -- divine ? -- Your skills at the end: Miscellaneous Skills wands [Basic] stealth [Skilled] Weapon Skills quarterstaff [Basic] Spellcasting Skills attack spells [Basic] enchantment spells [Basic] Final Attributes: You were piously aligned. You were magic-protected. You were telepathic. You were very stealthy. You were lucky. You are dead. Vanquished creatures: a giant bat a gecko 2 hobgoblins a giant rat a yellow mold 5 jackals a fox 4 newts 2 goblins 3 sewer rats a grid bug a lichen 23 creatures vanquished. Voluntary challenges: You did not cause conflict. You were not invisible. You did not have reflection. You were not displaced. You did not donate to any temples.. You used a wielded weapon 21 times, starting on turn 423. You did not use tools. You did not use plumbed fixtures. You did not drink any magical draughts. You were illiterate. You never genocided any monsters. You never polymorphed an object. You never changed form. You used no wishes. You did not wear or wield any artifacts. You did not apply or invoke any artifacts. You never split a pudding. You never wrote Elbereth's name. You never violated your personal moral code. Dungeon overview: The Dungeons of Doom: levels 1 to 3 Level 1 some fountains a long staircase Level 2 a fountain Level 3 <- You were here a vault, a weapon shop, an altar to Ptah a long staircase History has recorded: On T:1 you entered the Dungeons of Doom to retrieve the Amulet of Yendor! On T:400 you reached level 2 of The Dungeons of Doom. On T:400 you unlocked the Ranger role by using stairs. On T:643 you advanced to experience level 2. On T:817 you reached level 3 of The Dungeons of Doom. On T:975 you advanced to experience level 3. On T:1079 you unlocked the Priest role by identifying an item's beatitude on an altar. Score breakdown: Gold: 0 ( 0 points) Experience: 3 levels ( 200 points) Exploration: 3 levels ( 60 points) Discoveries: 9 items ( 450 points) Variety of kills: 12 monsters ( 600 points) Major goal: (nothing yet) ( 0 points) Survival: died (score multiplied by 3) Total score: 3930 Latest messages: r - a dagger named Valerian (unpaid, 3732 zorkmids). You see here a throwing spear (4 zorkmids). You see here a vulgar polearm (13 zorkmids). You see here 8 arrows (24 zorkmids). You see here 7 arrows (21 zorkmids). You see here a pair of jackboots (16 zorkmids). You see here a polished silver shield (67 zorkmids). You see here a pair of jackboots (16 zorkmids). "For you, most gracious sir; only 16 for this pair of jackboots." y - a pair of jackboots (unpaid, 16 zorkmids). You see here a polished silver shield (67 zorkmids). You see here 7 throwing stars (49 zorkmids). You see here 9 crossbow bolts (27 zorkmids). You see here a vulgar polearm (13 zorkmids). (3x) You see here 9 crossbow bolts (27 zorkmids). You see here 7 throwing stars (49 zorkmids). You see here a polished silver shield (67 zorkmids). You see here 7 arrows (21 zorkmids). You see here 8 arrows (24 zorkmids). You see here a vulgar polearm (13 zorkmids). You are blasted by the dagger named Valerian's power! You die... Neuvicq comes and takes all your possessions. Final status: Goodbye montu the Wizard, killed by touching Valerian... You died in The Dungeons of Doom on dungeon level 3 with 3930 points, and 0 pieces of gold, after 1303 moves. You were level 3 with a maximum of 26 hit points when you died.